 Dungeon Sprint DCSS version 0.27.1 (webtiles) character file.

Game seed: 6261457299227162025

256 styxcanada the Unseen (level 5, -9/43 HPs)
             Began as a Spriggan Brigand on Aug 22, 2021.
             Was an Initiate of Gozag.
             Mangled by a spriggan (12 damage)
             ... in the Dungeon (Sprint IV: "Fedhas' Mad Dash").
             The game lasted 00:02:35 (358 turns).

styxcanada the Unseen (Spriggan Brigand)             Turns: 358, Time: 00:02:36

Health: -9/43      AC:  3    Str:  7    XL:     5   Next: 92%
Magic:  6/6        EV: 20    Int: 13    God:    Gozag
Gold:   203        SH:  0    Dex: 17    Spells: 4/4 levels left

rFire    . . .     SeeInvis +   a - +2 dagger
rCold    . . .     Faith    .   (shield restricted)
rNeg     . . .     Spirit   .   b - +0 robe
rPois    .         Reflect  .   (helmet restricted)
rElec    .         Harm     .   c - +0 cloak
rCorr    .         Rampage  .   (gloves unavailable)
Will     .....     NoTele   +   (boots unavailable)
Stlth    ..........             m - amulet of invisibility {+Inv}
HPRegen  0.14/turn              (no ring)
MPRegen  0.10/turn              (no ring)

@: berserking, very slightly contaminated, very quick
A: very small, no large weapons, unfitting armour, see invisible, speed 3
a: Renounce Religion, Evoke Invisibility, Potion Petition, Call Merchant, Bribe
Branch


You were in the Dungeon.
You worshipped Gozag.
Gozag was aware of your devotion.
You visited 1 branch You collected 203 gold pieces.

Inventory:

Hand Weapons
 a - a +2 dagger (weapon)
Missiles
 d - a poisoned dart (quivered)
 e - a curare-tipped dart
 l - 4 boomerangs
 n - 15 sling bullets
 o - 9 stones
Armour
 b - a +0 robe (worn)
 c - a +0 cloak (worn)
Jewellery
 m - the amulet of invisibility (around neck) {+Inv}
   (You found it in the Dungeon)

   [amulet of nothing]

   +Inv:      It lets you turn invisible.
Scrolls
 k - a scroll of blinking
Potions
 f - a potion of curing
 g - a potion of heal wounds
 h - a potion of haste
 i - 2 potions of magic


   Skills:
 * Level 3.7 Fighting
 + Level 3.2 Short Blades
 + Level 4.0 Throwing
 * Level 5.6 Dodging
 * Level 15.2 Stealth
 + Level 1.6 Evocations


You had 4 spell levels left.
You didn't know any spells.
Your spell library was empty.

Dungeon Overview and Level Annotations

Branches:
Dungeon (1/1)

Altars:
Cheibriados
Dithmenos
Elyvilon
Gozag
Hepliaklqana
Kikubaaqudgha
Makhleb
Nemelex Xobeh
Okawaru
Qazlal
Ru
Sif Muna
Trog
Uskayaw
Vehumet
Wu Jian
Xom
Yredelemnul
Zin
The Shining One
Beogh
Jiyva
Lugonu


Innate Abilities, Weirdness & Mutations

You are very small and have problems with some larger weapons.
You are too small for most types of armour.
You have supernaturally acute eyesight. (SInv)
You cover ground extremely quickly. (Speed+++)


Message History

There is a shadowy altar of Dithmenos here.
The spriggan closely misses you.
There is a white marble altar of Elyvilon here.
There is a fountain of clear blue water here.
There is an open door here.
You see here 54 gold pieces.
Things that are here:
4 poisoned darts; a curare-tipped dart
e - a curare-tipped dart;
d - 4 poisoned darts The spriggan hits you with a +0 dagger!
Throw: 4 boomerangs
Press: ? - help, Q - select action, (/) - cycle Shift-Dir - straight line, f/p - spriggan
Aim: a spriggan, wielding a +0 dagger, wearing a +0 robe and wearing a +0 buckler (moderately wounded, 36% to hit)
You throw a boomerang. The boomerang misses the spriggan.
The spriggan hits you with a +0 dagger!
* * * LOW HITPOINT WARNING * * *
Throw: 4 darts (poison)
Press: ? - help, Q - select action, (/) - cycle Shift-Dir - straight line, f/p - spriggan
Aim: a spriggan, wielding a +0 dagger, wearing a +0 robe and wearing a +0 buckler (moderately wounded, 36% to hit)
You throw a poisoned dart. The spriggan blocks the poisoned dart.
The spriggan misses you.
There is an open door here.
You see here a poisoned dart.
Things that are here:
6 gold pieces; a poisoned dart Throw: 3 darts (poison)
Press: ? - help, Q - select action, (/) - cycle Shift-Dir - straight line, f/p - spriggan
Aim: a spriggan, wielding a +0 dagger, wearing a +0 robe and wearing a +0 buckler (moderately wounded, 36% to hit)
You throw a poisoned dart. The poisoned dart misses the spriggan.
The spriggan misses you.
Throw: 2 darts (poison)
Press: ? - help, Q - select action, (/) - cycle Shift-Dir - straight line, f/p - spriggan
Aim: a spriggan, wielding a +0 dagger, wearing a +0 robe and wearing a +0 buckler (moderately wounded, 36% to hit)
You throw a poisoned dart.
The poisoned dart closely misses the spriggan.
A red film seems to cover your vision as you go berserk!
You feel yourself moving faster!
You feel mighty! The spriggan hits you with a +0 dagger!
You die...
Your body crumbles into a pile of gold.

##################
_._._._.⌠.#(?($i@#
._._._._..'$.#$($#
_._._._...#..###+#
$ $$
._._._._..#.(# $
_._._._.⌠.####
###########


You could see a spriggan.

Vanquished Creatures
  2 scorpions (D)
  3 oklob saplings (D)
  A spriggan (D)
  A river rat (D)
  A rat (D)
8 creatures vanquished.

Vanquished Creatures (others)
  2 fungi (D)
2 creatures vanquished.

Grand Total: 10 creatures vanquished

Notes
Turn   | Place    | Note
-------+----------+-------------------------------------------
     0 | D        | styxcanada the Spriggan Brigand began the quest for the
                  | Orb.
     0 | D        | Reached XP level 1. HP: 10/10 MP: 2/2
    22 | D        | Reached skill level 6 in Stealth
    23 | D        | Reached skill level 7 in Stealth
    23 | D        | Reached XP level 2. HP: 6/15 MP: 3/3
   193 | D        | Noticed an oklob sapling
   195 | D        | Killed an oklob sapling
   196 | D        | Reached skill level 9 in Stealth
   196 | D        | Reached XP level 3. HP: 18/18 MP: 4/4
   197 | D        | Noticed a scorpion
   197 | D        | Found the amulet of invisibility {+Inv}
   201 | D        | Killed a scorpion
   202 | D        | Reached skill level 12 in Stealth
   202 | D        | Reached XP level 4. HP: 23/23 MP: 5/5
   222 | D        | Found an opulent altar of Gozag.
   222 | D        | Found a hazy altar of Hepliaklqana.
   222 | D        | Found a burning altar of Makhleb.
   222 | D        | Found a sparkling altar of Nemelex Xobeh.
   222 | D        | Found a sacrificial altar of Ru.
   222 | D        | Found a shimmering blue altar of Sif Muna.
   222 | D        | Found an ornate altar of the Wu Jian Council.
   222 | D        | Found a shimmering altar of Xom.
   222 | D        | Found a basalt altar of Yredelemnul.
   223 | D        | Found a viscous altar of Jiyva.
   223 | D        | Found a snail-covered altar of Cheibriados.
   223 | D        | Found a bloodstained altar of Trog.
   224 | D        | Found an iron altar of Okawaru.
   224 | D        | Found a shadowy altar of Dithmenos.
   224 | D        | Found a glowing silver altar of Zin.
   225 | D        | Found an ancient bone altar of Kikubaaqudgha.
   225 | D        | Found a hide-covered altar of Uskayaw.
   226 | D        | Found a stormy altar of Qazlal.
   226 | D        | Found a white marble altar of Elyvilon.
   226 | D        | Found a glowing golden altar of the Shining One.
   227 | D        | Became a worshipper of Gozag Ym Sagoz the Greedy
   228 | D        | Found a corrupted altar of Lugonu.
   228 | D        | Found a radiant altar of Vehumet.
   232 | D        | Reached skill level 13 in Stealth
   232 | D        | Reached XP level 5. HP: 28/28 MP: 3/6
   289 | D        | Reached skill level 14 in Stealth
   289 | D        | Reached skill level 1 in Evocations
   302 | D        | Reached skill level 5 in Dodging
   317 | D        | Reached skill level 15 in Stealth
   350 | D        | HP: 1/29 [spriggan (10)]
   358 | D        | Mangled by a spriggan

Illustrated notes

Levels and vault maps discovered:
D:        dungeon_sprint_fedhas [sprint_temple]

Skill      XL: |  1  2  3  4  5 |
---------------+----------------+-----
Stealth        | 7 9 12 13 15 | 15.2
Dodging        | 2 3 4 5 |  5.6
Fighting       | 2 3 |  3.7
Throwing       | 3 4 |  4.0
Short Blades   | 3 |  3.2
Evocations     | 1 |  1.6

Action                   |  1- 3 |  4- 6 || total
-------------------------+-------+-------++-------
Melee: Dagger            |     3 |     3 ||     6
Throw: Dart              |     9 |    12 ||    21
       Boomerang         |       |     3 ||     3
 Abil: Evoke Invisibilit |       |     2 ||     2
  Use: Potion            |       |     1 ||     1
 Stab: Sleeping          |     2 |     1 ||     3
       Invisible         |       |     1 ||     1
Dodge: Dodged            |     4 |     7 ||    11
